 Dungeon Crawl Stone Soup version 0.20-a0-809-gaf7f668 (webtiles) character file.

2302 Gorglomux the Sneak (level 9, 0/69 HPs)
             Began as a Human Assassin on Mar 2, 2017.
             Was an Elder of Okawaru.
             Killed by divine providence
             ... invoked by an orc priest
              (8 damage)
             ... on level 6 of the Dungeon.
             The game lasted 00:15:54 (6279 turns).

Gorglomux the Sneak (Human Assassin)                Turns: 6279, Time: 00:15:55

Health: 0/69       AC:  6    Str: 12    XL:     9   Next: 67%
Magic:  10/10      EV: 15    Int: 11    God:    Okawaru [****..]
Gold:   276        SH:  0    Dex: 18    Spells: 8/8 levels left

rFire    . . .     SeeInvis .   a - +1 dagger (venom)
rCold    . . .     Gourm    .   G - +2 robe
rNeg     . . .     Faith    .   (no shield)
rPois    .         Spirit   .   O - +0 helmet
rElec    .         Reflect  .   d - +0 cloak
rCorr    .         Harm     .   (no gloves)
MR       .....                  (no boots)
Stlth    ++++......             (no amulet)
Regen    0.3/turn               (no ring)
MPRegen  0.2/turn               (no ring)

@: no status effects
A: no striking features
a: Heroism, Renounce Religion


You were on level 6 of the Dungeon.
You worshipped Okawaru.
Okawaru was greatly pleased with you.
You were not hungry.

You visited 1 branch of the dungeon, and saw 6 of its levels.

You collected 276 gold pieces.

Inventory:

Hand Weapons
 a - a +1 dagger of venom (weapon)
 b - a +0 blowgun
 A - a -3 whip
 E - a +0 scythe
 H - a +2 dagger
Missiles
 e - 19 poisoned needles
 f - 2 curare-tipped needles
Armour
 c - a +0 robe
 d - a +0 cloak (worn)
 G - a +2 robe (worn)
 O - a +0 helmet (worn)
Jewellery
 y - a cursed ring of teleportation {unknown}
 R - an uncursed amulet of regeneration {unknown}
Scrolls
 u - a scroll of fog {unknown}
 x - a scroll of recharging {unknown}
 z - a scroll of remove curse
 B - a scroll of magic mapping {unknown}
 D - 3 scrolls of identify {unknown}
 I - 3 scrolls of teleportation {unknown}
 M - a scroll of enchant weapon {unknown}
 S - a scroll of immolation {unknown}
 U - a scroll of amnesia {unknown}
 X - a scroll of silence {unknown}
 Z - a scroll of brand weapon {unknown}
Potions
 r - 6 potions of curing {unknown}
 v - 2 potions of magic {unknown}
 C - a potion of might {unknown}
 J - 2 potions of degeneration {unknown}
 L - a potion of agility {unknown}
 N - a potion of ambrosia {unknown}
 P - 2 potions of lignification {unknown}
Comestibles
 g - 6 bread rations
 t - 6 meat rations
 w - a royal jelly
 V - 2 fruits
 Y - 7 chunks of flesh


   Skills:
 - Level 6.3 Fighting
 + Level 6.2 Short Blades
 - Level 2.0 Throwing
 - Level 4.0 Armour
 - Level 4.3 Dodging
 + Level 7.7 Stealth
 - Level 2.1 Invocations


You had 8 spell levels left.
You didn't know any spells.

Dungeon Overview and Level Annotations

Branches:
Dungeon (6/15)             Temple (0/1) D:5

Altars:
Okawaru


Message History

* * * LOW HITPOINT WARNING * * *
You closely miss the orc priest.
The orc priest is heavily wounded.
The orc closely misses you.
You closely miss the orc priest.
The orc priest is heavily wounded.
The orc priest barely misses you.
You hit the orc priest.
The orc priest is poisoned.
The orc priest is severely wounded.
The orc hits you but does no damage.
The orc priest mumbles some strange prayers to Beogh against you.
Beogh smites you!
* * * LOW HITPOINT WARNING * * *
The orc priest hits you with a mace.
* * * LOW HITPOINT WARNING * * *
The orc priest invokes the aid of Beogh against you.
You struggle to resist.
The orc priest invokes the aid of Beogh against you.
Beogh smites you!
You die...

## ## ##. .###
#####..#...
#........# #.#
#####.# #...#.#
#.###.#
#.#).o######.#
....#.#
#.#.#...o.@....#
#.#.#.#
#.#.#.##########
#.#.#.###
#.#<#.#
#.#.#....
##.#.#.######
#####.#.#..##
##............#
#............
#...........#.#
#...........#
#.........).#.#
#.#####.#...#
#..#.#####..#.#
#.# #.#...#
#..#.#
#..#.###.#
###.#...#


You could see an orc priest and an orc.

Vanquished Creatures
  The ghost of Gorglomux the Changer, a novice VSTm of Cheibriados (D:6)
  Sigmund (D:3)
  An orc warrior (D:5)
  An ice beast (D:5)
  A sky beast (D:5)
  2 ogres
  2 centaurs
  2 bullfrogs (D:6)
  A gnoll sergeant (D:5)
  4 scorpions
  2 crimson imps
  2 bullfrog skeletons (D:4)
  4 hounds
  2 orc priests (D:5)
  An iguana (D:6)
  5 orc wizards (D:6)
  4 worker ants
  A howler monkey skeleton (D:4)
  Robin (D:3)
  4 gnolls (D:5)
  3 adders
  A shadow imp (D:5)
  3 oozes
  4 worms
  2 leopard geckos
  16 orcs
  7 bats
  4 giant cockroaches
  12 goblins
  5 hobgoblins
  2 jackals (D:1)
  3 quokkas
  A ball python (D:2)
  6 frilled lizards
  2 giant cockroach zombies (D:6)
  8 kobolds
  A leopard gecko zombie (D:5)
  A quokka skeleton (D:4)
  10 rats
133 creatures vanquished.

Notes
Turn   | Place    | Note
-------+----------+-------------------------------------------
     0 | D:1      | Gorglomux the Human Assassin began the quest for the Orb.
     0 | D:1      | Reached XP level 1. HP: 16/16 MP: 1/1
    48 | D:1      | Reached XP level 2. HP: 23/23 MP: 2/2
   124 | D:1      | Reached skill level 3 in Fighting
   255 | D:1      | Reached XP level 3. HP: 28/29 MP: 3/3
   496 | D:2      | Found an iron altar of Okawaru.
   522 | D:2      | Became a worshipper of Warmaster Okawaru
   919 | D:3      | Noticed Sigmund
   929 | D:3      | Killed Sigmund
   929 | D:3      | Reached * piety under Okawaru
   929 | D:3      | Reached XP level 4. HP: 30/40 MP: 4/4
   929 | D:3      | Reached XP level 5. HP: 34/46 MP: 5/5
   929 | D:3      | Reached XP level 6. HP: 39/52 MP: 6/6
  1036 | D:3      | Noticed Robin
  1048 | D:3      | Killed Robin
  1071 | D:3      | Reached skill level 6 in Fighting
  1893 | D:4      | Reached ** piety under Okawaru
  1898 | D:4      | Reached skill level 1 in Invocations
  1902 | D:4      | Reached skill level 1 in Armour
  2007 | D:4      | Reached XP level 7. HP: 56/58 MP: 7/7
  3025 | D:5      | Entered Level 5 of the Dungeon
  3272 | D:5      | Reached skill level 3 in Short Blades
  3272 | D:5      | Reached XP level 8. HP: 56/64 MP: 9/9
  3329 | D:5      | Reached *** piety under Okawaru
  3329 | D:5      | Reached skill level 5 in Stealth
  3410 | D:5      | Reached skill level 3 in Dodging
  3841 | D:5      | Reached skill level 3 in Armour
  4694 | D:5      | Found a staircase to the Ecumenical Temple.
  5138 | D:5      | Reached skill level 6 in Stealth
  5384 | D:6      | Reached XP level 9. HP: 39/69 MP: 10/10
  5670 | D:6      | Noticed Gorglomux's ghost (novice VSTm)
  5799 | D:6      | Killed Gorglomux's ghost
  5799 | D:6      | Reached **** piety under Okawaru
  5799 | D:6      | Reached skill level 7 in Stealth
  6200 | D:6      | Reached skill level 6 in Short Blades
  6279 | D:6      | Killed from afar by an orc priest

Vault maps used:
D:1:      scummos_arrival_star, serial_glass, glass_columns_c, glass_columns_b,
          hangedman_decor_clover_reticule
D:2:      first_bread, okawaru_trees_2
D:3:      minivault_14, uniq_robin, uniq_sigmund
D:5:      minmay_temple_entry_nine_rooms, kennysheep_minor_cross
D:6:      kennysheep_generic_room_14

Skill      XL: |  1  2  3  4  5  6  7  8  9 |
---------------+----------------------------+-----
Fighting       | 3 5 6 |  6.3
Invocations    | 1 2 |  2.1
Armour         | 1 2 3 4 |  4.0
Dodging        | 2 4 |  4.3
Short Blades   | 3 4 6 |  6.2
Stealth        | 6 7 |  7.7
Throwing       | |  2.0

Action                   |  1- 3 |  4- 6 |  7- 9 || total
-------------------------+-------+-------+-------++-------
Melee: Dagger            |    69 |   112 |   303 ||   484
       Whip              |    10 |       |       ||    10
       Scythe            |       |    24 |       ||    24
       Punch             |       |       |     5 ||     5
 Fire: Blowgun           |       |     3 |    19 ||    22
Invok: Heroism           |       |       |     5 ||     5
  Use: Scroll            |     1 |       |       ||     1
 Stab: Sleeping          |    10 |     6 |    13 ||    29
  Eat: Chunk             |       |     4 |    11 ||    15
       Royal jelly       |       |       |     1 ||     1
Armor: Robe              |    29 |    35 |    48 ||   112
Dodge: Dodged            |    54 |    72 |   149 ||   275
